Map: Submarine LE

Players

Solar

  • Race: Zerg Zerg
  • Spawn Location: 5:00

Serral - Winner!

  • Race: Zerg Zerg
  • Spawn Location: 11:00

Event: StayAtHomestory Cup #2

VOD

Have the link to the VOD?

Description

Time

  • Played on: June 13, 2020, 12:33 p.m.
  • Length: 10:58

All games in this series

Show
View Real Time Build Order
Export as new Build Order

Solar Zerg 

Build Orders: Pool First 

Get SALT Encoding   

  12  0:17  Spawning Pool  
  11  0:22  Drone  
  11  0:26  Drone  
  13  0:30  Drone  
  14  0:40  Overlord  
  14  1:04  Zergling x4  
  16  1:05  Zergling x2  
  17  1:16  Zergling x2  
  17  1:18  Hatchery  
  17  1:28  Zergling x2  
  17  1:32  Queen  
  20  1:39  Drone  
  21  1:47  Overlord  
  21  1:59  Drone  
  22  2:09  Queen  
  22  2:10  Drone  
  23  2:23  Drone  
  23  2:30  Drone  
  23  2:31  Queen  
  23  2:34  Drone  
  27  2:39  Drone  
  27  2:41  Drone x3  
  27  2:43  Drone  
  31  2:52  Overlord  
  31  2:53  Drone  
  32  3:01  Extractor  
  32  3:03  Drone  
  32  3:04  Extractor, Drone  
  32  3:14  Drone  
  32  3:16  Evolution Chamber, Drone  
  32  3:19  Drone x2  
  35  3:21  Drone  
  35  3:22  Roach Warren  
  35  3:26  Overlord  
  35  3:29  Drone  
  36  3:35  Drone  
  36  3:39  Drone x3  
  36  3:41  Drone  
  41  3:48  Evolution Chamber  
  41  3:50  Drone x2  
  41  3:55  Metabolic Boost  
  42  3:56  Drone  
  42  3:59  Drone  
  42  4:00  Drone  
  45  4:08  Overlord  
  45  4:12  Drone  
  45  4:13  Zergling x6  
  45  4:15  Zergling x2  
  50  4:19  Zergling x2  
  50  4:22  Zerg Missile Weapons Level 1  
  51  4:25  Zergling x2  
  51  4:27  Zergling x2, Overlord  
  51  4:28  Zergling x2  
  54  4:31  Overlord  
  54  4:36  Zergling x2  
  55  4:39  Lair  
  55  4:43  Zergling x6  
  55  4:44  Zergling x2  
  59  4:48  Zergling x2  
  61  4:52  Zergling x2  
  61  4:56  Zergling x8  
  65  5:04  Overlord  
  65  5:07  Drone  
  65  5:14  Zergling x6  
  69  5:19  Drone  
  69  5:20  Extractor  
  69  5:21  Hatchery  
  67  5:32  Drone  
  67  5:33  Drone  
  63  5:40  Roach  
  63  5:41  Roach x2  
  63  5:42  Roach x2  
  70  5:43  Roach  
  70  5:44  Glial Reconstitution  
  70  5:45  Roach, Overseer  
  70  5:47  Overlord  
  72  5:53  Roach  
  74  5:58  Roach  
  74  6:03  Roach  
  78  6:08  Roach x4  
  78  6:10  Roach x3  
  92  6:17  Overlord  
  92  6:22  Overlord  
  91  6:29  Overlord  
  91  6:30  Zerg Missile Weapons Level 2  
  90  6:34  Drone x5  
  90  6:38  Drone x2  
  90  6:39  Drone  
  98  6:41  Drone  
  98  6:43  Drone  
  100  6:47  Drone  
  100  6:52  Overlord  
  101  6:54  Extractor, Overlord  
  101  6:55  Drone  
  101  7:03  Drone x3  
  101  7:05  Zerg Ground Armor Level 1  
  104  7:10  Overlord  
  104  7:12  Roach x3  
  104  7:15  Overlord  
  110  7:19  Drone x2  
  112  7:25  Overlord  
  112  7:28  Roach x4  
  120  7:32  Roach x2  
  120  7:34  Roach  
  126  7:37  Overlord  
  126  7:40  Roach x2  
  130  7:45  Roach x3  
  130  7:48  Overlord  
  136  7:52  Roach x2  
  136  7:55  Drone x3  
  136  7:56  Extractor  
  142  8:01  Drone  
  142  8:04  Ravager x4  
  142  8:05  Overlord x2  
  147  8:07  Drone x2  
  147  8:08  Drone  
  147  8:10  Drone x2  
  152  8:13  Drone  
  153  8:22  Extractor, Burrow  
  153  8:25  Roach  
  153  8:26  Roach  
  155  8:33  Roach x3  
  161  8:36  Hatchery  
  161  8:40  Roach x4  
  168  8:48  Roach x4  
  176  8:49  Tunneling Claws  
  176  8:53  Overlord  
  176  8:58  Overlord  
  171  9:10  Drone x2  
  171  9:11  Ravager x2  
  171  9:13  Roach x5  
  171  9:15  Overlord  
  184  9:18  Ravager  
  184  9:19  Ravager  
  184  9:20  Roach x3  
  184  9:24  Roach  
  192  9:26  Overlord  
  192  9:28  Pneumatized Carapace  
  190  9:31  Roach x2  
  190  9:37  Roach x2  
  192  9:39  Roach x2  
  192  9:41  Roach x2  
  191  9:47  Roach x2  
  191  9:52  Roach x2  
  185  9:54  Roach  
  185  9:55  Roach  
  185  9:57  Roach  
  185  9:58  Roach  
  168  10:05  Roach x3  
  173  10:08  Roach  
  173  10:12  Ravager  
  173  10:13  Ravager x2  
  178  10:14  Roach  
  178  10:16  Roach  
  178  10:19  Overseer  
  177  10:21  Roach  
  177  10:24  Roach x2  
  177  10:27  Roach  
  177  10:28  Roach  
  169  10:33  Roach  
Show
View Real Time Build Order
Export as new Build Order

Serral Zerg - Winner!

Build Orders: Pool First 

Get SALT Encoding   

  12  0:00  Drone  
  13  0:12  Overlord  
  13  0:17  Drone  
  14  0:30  Drone  
  14  0:31  Drone  
  16  0:37  Drone  
  17  0:44  Spawning Pool  
  17  0:47  Drone  
  17  1:07  Hatchery  
  17  1:10  Drone  
  17  1:12  Extractor  
  17  1:15  Drone  
  17  1:18  Drone  
  18  1:28  Drone  
  18  1:32  Queen  
  19  1:38  Zergling x2  
  22  1:49  Extractor, Zergling x2  
  23  2:01  Overlord  
  23  2:18  Queen  
  23  2:21  Drone x2  
  24  2:23  Drone  
  25  2:30  Drone  
  25  2:35  Drone  
  27  2:39  Metabolic Boost  
  27  2:42  Zergling x2  
  29  2:44  Drone  
  29  2:47  Drone  
  29  2:49  Drone  
  31  2:52  Drone  
  31  2:55  Drone  
  33  3:00  Overlord  
  33  3:03  Drone  
  34  3:09  Drone  
  35  3:14  Drone  
  36  3:21  Hatchery  
  35  3:28  Drone x2  
  35  3:29  Evolution Chamber  
  35  3:30  Drone x2  
  37  3:34  Drone x2  
  37  3:40  Overlord  
  39  3:46  Drone x4  
  43  3:49  Extractor  
  43  3:55  Roach Warren  
  41  3:57  Zerg Missile Weapons Level 1  
  41  4:01  Zergling x4  
  43  4:03  Zergling x2  
  43  4:06  Zergling x2  
  43  4:08  Drone x2  
  43  4:09  Drone  
  48  4:15  Overlord  
  48  4:16  Extractor, Drone  
  48  4:18  Drone  
  48  4:19  Drone  
  48  4:21  Drone  
  51  4:29  Lair  
  51  4:32  Drone  
  51  4:33  Drone  
  51  4:36  Queen  
  51  4:37  Drone  
  56  4:40  Roach  
  56  4:42  Roach  
  60  4:47  Roach x2  
  60  4:49  Overlord  
  64  4:54  Roach  
  64  4:56  Overlord  
  64  4:58  Overlord  
  66  5:04  Overlord  
  66  5:09  Drone  
  66  5:10  Overlord  
  66  5:13  Roach x3  
  73  5:21  Zergling x10  
  75  5:22  Evolution Chamber  
  76  5:29  Roach, Zergling x2  
  76  5:30  Ravager  
  76  5:31  Roach, Zergling x2  
  76  5:33  Ravager  
  76  5:34  Roach  
  82  5:37  Ravager  
  82  5:38  Roach  
  82  5:39  Roach, Zergling x2  
  88  5:43  Roach  
  88  5:47  Overlord  
  91  5:53  Glial Reconstitution  
  91  5:54  Extractor  
  90  5:58  Queen x2  
  96  6:06  Roach x3  
  96  6:10  Overseer  
  102  6:17  Drone x6  
  102  6:18  Drone x2  
  109  6:25  Overlord  
  108  6:28  Overlord  
  108  6:30  Overlord  
  107  6:33  Drone x3  
  107  6:37  Drone x2  
  107  6:39  Roach  
  112  6:42  Overlord x3  
  112  6:47  Zerg Missile Weapons Level 2  
  112  6:53  Roach x2  
  115  6:57  Spine Crawler  
  115  6:58  Roach x2  
  115  7:00  Ravager  
  117  7:02  Roach x2, Zergling x2  
  126  7:08  Roach x3  
  128  7:20  Evolution Chamber, Drone x3  
  128  7:21  Drone x6  
  136  7:25  Extractor  
  136  7:27  Extractor  
  136  7:28  Pneumatized Carapace  
  134  7:30  Overlord  
  134  7:32  Drone x2  
  134  7:33  Roach x3  
  134  7:34  Roach  
  143  7:45  Overseer  
  143  7:46  Roach x2  
  143  7:47  Roach  
  143  7:49  Zerg Ground Armor Level 1  
  143  7:50  Overlord x2  
  149  7:54  Roach x3  
  155  8:02  Roach x3, Burrow  
  155  8:03  Roach  
  163  8:10  Hatchery  
  162  8:19  Roach x3  
  172  8:20  Roach x3  
  172  8:23  Overlord  
  172  8:24  Overlord  
  174  8:28  Roach x2  
  174  8:29  Roach  
  180  8:37  Roach x3  
  180  8:39  Overlord  
  180  8:40  Overlord  
  180  8:41  Tunneling Claws  
  186  8:42  Overlord  
  185  8:54  Roach x6  
  185  8:55  Ravager x2  
  199  9:02  Hatchery  
  199  9:10  Hatchery  
  198  9:22  Roach  
  199  9:25  Roach x4  
  199  9:30  Roach  
  199  9:34  Infestation Pit  
  196  9:39  Roach x2  
  194  9:51  Roach x21  
  186  9:56  Roach x7  
  186  9:57  Roach  
  186  9:58  Roach x17  
  198  10:09  Drone x2  
  200  10:16  Spine Crawler  
  200  10:17  Spine Crawler, Overseer  
  200  10:18  Roach  
  200  10:19  Roach x3  
  200  10:20  Overseer  
  198  10:24  Roach x4  
  198  10:27  Roach x3  
  198  10:28  Roach x2  
  189  10:31  Ravager x3  
  189  10:32  Roach x3, Ravager  
Tags
 
Add a new tag
Caveats
  • Supply blocks, unpowered buildings, or Contaminate may cause inaccurate times.
  • Supply counts are checked every 10 seconds.